Map: Dasan Station LE

Players

DiscoSkinny

  • Race: Terran Terran
  • League: Diamond

fire - Winner!

  • Race: Protoss Protoss

VOD

Have the link to the VOD?

Description

I never play Protoss. I am TERRIBLE at Protoss. But watch me completely destroy a hi-tech Terran army with photon overcharge alone.

Time

  • Played on: Nov. 14, 2016, 7:35 p.m.
  • Length: 7:58
Show
View Real Time Build Order
Export as new Build Order

DiscoSkinny Terran 

Build Orders:  

Get SALT Encoding   

  12  0:01  SCV  
  13  0:13  SCV  
  14  0:19  Supply Depot  
  14  0:25  SCV  
  15  0:40  SCV  
  15  0:42  Barracks  
  16  0:47  Refinery  
  16  0:50  Refinery  
  16  0:59  SCV  
  17  1:11  SCV  
  18  1:23  SCV  
  19  1:29  Supply Depot  
  19  1:30  Marine  
  20  1:48  Orbital Command, Marine  
  21  2:09  Factory  
  20  2:29  Barracks Reactor  
  20  2:38  Supply Depot  
  20  2:40  SCV  
  21  2:52  SCV  
  21  2:54  Starport  
  22  2:58  Widow Mine  
  22  3:04  SCV  
  25  3:11  Marine x2  
  27  3:20  SCV  
  28  3:29  Marine x2  
  28  3:32  SCV  
  31  3:35  Fusion Core  
  31  3:37  Starport Tech Lab  
  31  3:44  Factory Tech Lab  
  31  3:48  Marine x2  
  33  3:56  Raven  
  35  4:04  Siege Tank  
  35  4:06  Marine  
  39  4:15  Supply Depot  
  39  4:26  Marine x2  
  41  4:38  Supply Depot  
  41  4:40  Battlecruiser  
  41  4:43  Marine  
  48  5:00  Supply Depot  
  48  5:14  Marine x2  
  50  5:32  Marine x2  
  52  5:57  Battlecruiser  
  52  6:00  Marine x2  
  60  6:17  Marine  
  60  6:18  Marine  
  62  6:35  Marine x2  
  50  6:53  Marine x2  
Show
View Real Time Build Order
Export as new Build Order

fire Protoss - Winner!

Build Orders:  

Get SALT Encoding   

  12  0:01  Probe (Chrono Boost)  
  13  0:12  Probe (Chrono Boost)  
  14  0:20  Pylon  
  14  0:24  Probe (Chrono Boost)  
  15  0:41  Probe (Chrono Boost)  
  16  0:47  Forge  
  16  0:51  Probe (Chrono Boost)  
  17  1:02  Probe (Chrono Boost)  
  18  1:10  Pylon  
  18  1:12  Probe (Chrono Boost)  
  19  1:23  Probe (Chrono Boost)  
  20  1:30  Photon Cannon  
  20  1:31  Photon Cannon  
  19  1:33  Probe (Chrono Boost)  
  19  1:37  Assimilator  
  20  1:44  Probe (Chrono Boost)  
  21  1:52  Gateway  
  21  1:54  Probe (Chrono Boost)  
  22  2:05  Probe (Chrono Boost)  
  23  2:11  Assimilator  
  24  2:15  Probe (Chrono Boost)  
  24  2:29  Gateway  
  24  2:41  Nexus  
  24  2:44  Probe (Chrono Boost)  
  25  2:53  Pylon  
  25  2:58  Cybernetics Core  
  25  3:05  Pylon  
  25  3:09  Probe (Chrono Boost)  
  26  3:24  Probe (Chrono Boost)  
  27  3:32  Pylon  
  27  3:35  Probe (Chrono Boost)  
  27  3:38  Pylon  
  27  3:40  Warp Gate  
  28  3:44  Adept x2  
  32  3:50  Twilight Council  
  32  3:56  Probe x2 (Chrono Boost)  
  34  4:06  Probe (Chrono Boost)  
  35  4:11  Probe (Chrono Boost)  
  36  4:20  Probe (Chrono Boost)  
  36  4:24  Mothership Core (Chrono Boost)  
  39  4:26  Pylon  
  39  4:30  Dark Shrine  
  39  4:31  Probe (Chrono Boost)  
  40  4:33  Pylon  
  40  4:35  Pylon  
  38  4:41  Probe (Chrono Boost)  
  38  4:44  Probe (Chrono Boost)  
  40  4:52  Probe (Chrono Boost)  
  41  4:54  Robotics Facility  
  41  4:55  Probe (Chrono Boost)  
  42  5:00  Assimilator  
  42  5:02  Probe (Chrono Boost)  
  42  5:05  Probe (Chrono Boost), Stalker  
  46  5:12  Stalker  
  49  5:14  Probe (Chrono Boost)  
  49  5:24  Gateway  
  49  5:27  Pylon  
  49  5:28  Pylon  
  49  5:32  Probe (Chrono Boost), Assimilator  
  49  5:34  Probe (Chrono Boost)  
  48  5:51  Resonating Glaives  
  48  6:06  Observer  
  48  6:09  Dark Templar x2  
  53  6:25  Robotics Bay  
  53  6:26  Probe (Chrono Boost)  
  53  6:28  Probe (Chrono Boost)  
  53  6:50  Stalker  
  53  6:51  Stalker  
  57  6:58  Stargate  
  57  7:03  Dark Templar  
  55  7:10  Nexus  
  55  7:15  Dark Templar  
  55  7:49  Gateway  
  55  7:51  Gateway  
  55  7:53  Gateway  
  55  7:56  Pylon  
Tags
 
Add a new tag
Caveats
  • Supply blocks, unpowered buildings, or Contaminate may cause inaccurate times.
  • Supply counts are checked every 10 seconds.